 Dungeon Crawl Stone Soup version 0.30.1-11-g7821555f0a (webtiles) character file.

Game seed: 16623100164728123295

4626 Martska the Fighter (level 10, -1/84 HPs)
             Began as a Demonspawn Fighter on Dec 11, 2023.
             Was a Believer of Makhleb.
             Slain by a death yak (11 damage)
             ... on level 9 of the Dungeon.
             The game lasted 00:17:38 (6945 turns).

Martska the Fighter (Demonspawn Fighter)            Turns: 6945, Time: 00:17:39

Health: -1/84      AC: 17    Str: 26    XL:     10   Next: 19%
Magic:  14/14      EV: 13    Int: 10    God:    Makhleb [**....]
Gold:   2909       SH:  5    Dex: 13    Spells: 9/9 levels left

rFire   . . .        N - +2 flail (freeze)
rCold   . . .        c - +0 buckler
rNeg    . . .        b - +0 scale mail
rPois   .            (helmet restricted)
rElec   +            h - scarf {repulsion}
rCorr   .            G - +2 pair of gloves "Uhafoemi" {rElec}
SInv    .            j - +0 pair of boots
Will    .....        m - amulet of regeneration Stlth
                     s - +6 ring of strength
HPRegen 1.14/turn    (no ring)
MPRegen 0.14/turn

%: repel missiles
@: sanguine armoured
A: antennae 2, demonic guardian 1, foul stench 1, sanguine armour 1, evolution 1
a: Renounce Religion, Minor Destruction


You were on level 9 of the Dungeon.
You worshipped Makhleb.
Makhleb was pleased with you.
You visited 2 branches of the dungeon, and saw 10 of its levels.

You collected 2909 gold pieces.

Inventory:

Hand Weapons
 a - a +0 flail
 y - a +2 short sword of electrocution
 D - a +0 spear of freezing
 N - a +2 flail of freezing (weapon)
Armour
 b - a +0 scale mail (worn)
 c - a +0 buckler (worn)
 h - a scarf of repulsion (worn)
 j - a +0 pair of boots (worn)
 G - the +2 pair of gloves "Uhafoemi" (worn) {rElec}
   (You found it on level 4 of the Dungeon)

   rElec:     It insulates you from electricity.
Jewellery
 m - an amulet of regeneration (around neck)
 s - a +6 ring of strength (left hand)
 B - a ring of flight
 K - a ring of protection from fire
 O - a ring of wizardry
Wands
 k - a wand of mindburst (19)
 A - a wand of flame (19)
 L - a wand of roots (12)
 R - a wand of charming (11)
Scrolls
 g - 3 scrolls of teleportation {unknown}
 n - a scroll of blinking {unknown}
 o - 2 scrolls of enchant weapon
 p - 8 scrolls of identify
 t - a scroll of vulnerability {unknown}
 v - a scroll of noise {unknown}
 w - a scroll of poison {unknown}
 x - 2 scrolls of magic mapping {unknown}
 C - a scroll of immolation {unknown}
 E - a scroll of brand weapon
 I - a scroll of fog {unknown}
 M - a scroll of enchant armour {unknown}
 P - a scroll of amnesia {unknown}
Potions
 d - 3 potions of might
 e - a potion of experience {unknown}
 f - 7 potions of curing
 i - 2 potions of haste {unknown}
 l - 2 potions of mutation
 q - 2 potions of brilliance {unknown}
 r - 4 potions of attraction
 u - a potion of ambrosia {unknown}
 z - a potion of lignification {unknown}
 F - a potion of cancellation
 H - a potion of berserk rage {unknown}
 J - a potion of flight {unknown}
 Q - a potion of heal wounds {unknown}


   Skills:
 * Level 9.7 Fighting
 - Level 1.9 Maces & Flails
 + Level 4.7 Armour
 * Level 8.3 Dodging
 + Level 4.6 Shields
 - Level 6.0 Invocations


You had 9 spell levels left.
You didn't know any spells.
Your spell library contained the following spells:

 Spells                   Type           Power      Damage    Failure   Level
 Apportation              Tloc           0%         N/A       69%         1
 Beastly Appendage        Tmut           0%         N/A       69%         1
 Necrotise                Necr           0%         1d4       69%         1
 Summon Small Mammal      Summ           0%         N/A       69%         1
 Cigotuvi's Dreadful Rot  Necr/Pois/Air  0%         N/A       83%         2
 Sublimation of Blood     Necr           0%         N/A       83%         2
 Wereblood                Tmut           0%         N/A       83%         2
 Ignite Poison            Fire/Tmut/Pois 0%         N/A       96%         3
 Portal Projectile        Hex/Tloc       0%         N/A       96%         3
 Spider Form              Tmut/Pois      0%         N/A       96%         3
 Tukima's Dance           Hex            0%         N/A       96%         3
 Vampiric Draining        Necr           0%         2d6       96%         3
 Sticky Flame             Conj/Fire      0%         2d3       100%        4
 Agony                    Necr           0%         N/A       100%        5
 Blade Hands              Tmut           0%         N/A       100%        5
 Freezing Cloud           Conj/Ice/Air   0%         6-21      100%        5
 Summon Hydra             Summ           0%         N/A       100%        7
 Ignition                 Fire           0%         3d3       100%        8


Dungeon Overview and Level Annotations

Branches:
Dungeon (9/15)             Temple (1/1) D:5            Lair (0/5) D:9
    Orc: D:9-12

Altars:
Ashenzari
Cheibriados
Dithmenos
Fedhas
Makhleb
Qazlal
Ru
Sif Muna
Trog
Uskayaw
Vehumet
Wu Jian
Xom
Yredelemnul

Shops:
D:2 ?   D:5 *


Innate Abilities, Weirdness & Mutations

You have a pair of antennae on your head.
A weak demonic guardian rushes to your aid.
You may rarely emit foul miasma when damaged in melee.
When seriously injured, your blood forms armour. (AC +6)
You have hidden genetic potential.


Message History

Your quasit claws the death yak but does no damage.
Your quasit barely misses the death yak.
The death yak closely misses your quasit.
The death yak gores your quasit!
You see here a yak corpse.
As you read the scroll labelled VYRI ALOUSIS, it crumbles to dust.
It is a scroll of identify.
f - 7 potions of curing Your quasit bites the death yak but does no damage.
Your quasit claws the death yak but does no damage. x2
The death yak completely misses your quasit.
The death yak gores your quasit!!
Your quasit dies!
Your quasit disappears in a puff of smoke!
It was a potion of attraction.
You feel attractive to monsters. The yak is attracted toward you.
It was a potion of mutation.
You feel extremely strange.
You feel a hidden potential growing inside you.
The death yak gores you!
* * * LOW HITPOINT WARNING * * *
Okay, then.
The yak is attracted toward you. The yak is attracted toward you. x2
The death yak attacks as you move away! The death yak misses you.
The yak is attracted toward you. x3
It was a potion of cancellation.
Your magical effects are unravelling.
You feel magically purged.
You feel a little less mighty now. You block the death yak's attack.
You feel less attractive to monsters.
Found a scroll labelled URAHIM EXUSORU.
The death yak attacks as you move away!
The death yak gores you but does no damage.
The death yak attacks as you move away! The death yak completely misses you.
The death yak attacks as you move away! The death yak closely misses you.
The death yak attacks as you move away! The death yak gores you!
* * * LOW HITPOINT WARNING * * *
The death yak attacks as you move away! The death yak gores you!
You die...

...........#+#
#ยง.Y{....#.......
...........).###YY##+####.......
...........>....YYYY............
.............##########Y......?.
.............# #Y........
.............# #.........
.............# #.........
..######.....##########Y..####..
..# #........@YY.YY....# . ###
#..................#
####################


You could see 2 death yaks and 3 yaks.

Vanquished Creatures
  A death yak (D:9)
  Joseph (D:7)
  Prince Ribbit (D:6)
  A yak (D:9)
  3 water moccasins
  4 sky beasts
  3 ice beasts
  A black bear (D:6)
  An ogre (D:4)
  2 centaurs
  A phantom (D:4)
  4 bullfrogs
  4 kobold brigands
  3 scorpions (D:6)
  A killer bee (D:8)
  The ghost of ioannis32 the Insei, a weakling DgTm (D:3)
  3 howler monkeys
  A quasit (D:8)
  A hound (D:4)
  3 jellies
  3 sleepcaps
  4 orc priests
  4 iguanas
  Jessica (D:2)
  7 orc wizards
  Natasha (thrice) (D:4)
  4 adders
  2 shadow imps
  3 white imps
  2 worms
  6 dart slugs
  36 orcs
  4 ball pythons
  6 endoplasms
  4 giant cockroaches
  9 goblins
  10 hobgoblins
  13 jackals
  25 kobolds
  3 quokkas
  5 bats
  3 frilled lizards
  A goblin zombie (D:8)
  3 hobgoblin zombies (D:8)
  A kobold skeleton (D:8)
  2 orc skeletons (D:8)
  2 rats
206 creatures vanquished.

Vanquished Creatures (collateral kills)
  A black bear (D:5)
  An orc wizard (D:7)
  A worm (D:2)
  An orc (D:8)
  An endoplasm (D:3)
  2 jackals (D:5)
7 creatures vanquished.

Vanquished Creatures (others)
  A kobold zombie (D:8)
1 creature vanquished.

Grand Total: 214 creatures vanquished

Notes
Turn   | Place    | Note
-------+----------+-------------------------------------------
     0 | D:1      | Martska the Demonspawn Fighter began the quest for the Orb.
     0 | D:1      | Reached XP level 1. HP: 18/18 MP: 1/1
    77 | D:1      | Gained mutation: A weak demonic guardian rushes to your
                  | aid. [demonic ancestry]
    77 | D:1      | Reached XP level 2. HP: 24/24 MP: 2/2
   399 | D:1      | Gained mutation: When seriously injured, your blood forms
                  | armour. (AC +6) [demonic ancestry]
   399 | D:1      | Reached XP level 3. HP: 29/29 MP: 3/3
   407 | D:1      | Reached skill level 1 in Dodging
  1042 | D:2      | Noticed Jessica
  1046 | D:2      | Killed Jessica
  1047 | D:2      | Reached XP level 4. HP: 32/37 MP: 4/4
  1077 | D:2      | Found The Oracle's Delphic Readings.
  1744 | D:3      | Found a faded altar of an unknown god.
  1874 | D:3      | Reached skill level 4 in Fighting
  2047 | D:3      | Found a runed translucent door.
  2050 | D:3      | Noticed ioannis32's ghost (weakling DgTm)
  2154 | D:3      | Reached XP level 5. HP: 42/42 MP: 5/5
  2383 | D:3      | Killed ioannis32's ghost
  2542 | D:4      | Noticed a phantom
  2548 | D:4      | Killed a phantom
  2606 | D:4      | Noticed Natasha
  2607 | D:4      | Killed Natasha
  2608 | D:4      | Gained mutation: You may rarely emit foul miasma when
                  | damaged in melee. [demonic ancestry]
  2608 | D:4      | Reached XP level 6. HP: 49/49 MP: 6/6
  2708 | D:4      | Identified the +2 pair of gloves "Uhafoemi" {rElec}
  2798 | D:4      | Noticed Natasha
  2809 | D:4      | Killed Natasha
  2810 | D:4      | Reached skill level 5 in Fighting
  2843 | D:4      | Found a bloodstained altar of Trog.
  3006 | D:4      | Noticed Natasha
  3029 | D:4      | Killed Natasha
  3265 | D:4      | Gained mutation: You have a pair of small antennae on your
                  | head. [demonic ancestry]
  3265 | D:4      | Reached XP level 7. HP: 56/56 MP: 7/7
  3366 | D:5      | Entered Level 5 of the Dungeon
  3671 | D:5      | Found a staircase to the Ecumenical Temple.
  3735 | Temple   | Entered the Ecumenical Temple
  3754 | Temple   | Became a worshipper of Makhleb the Destroyer
  3828 | D:5      | Found Auwesofu's Alliterative Accessories.
  3888 | D:5      | Reached skill level 6 in Fighting
  3888 | D:5      | Reached skill level 1 in Invocations
  4011 | D:5      | Reached XP level 8. HP: 51/64 MP: 7/9
  4134 | D:5      | Reached skill level 5 in Dodging
  4520 | D:6      | Reached skill level 7 in Fighting
  4675 | D:6      | Reached * piety under Makhleb
  5133 | D:7      | Noticed Joseph
  5133 | D:7      | Noticed Prince Ribbit
  5142 | D:6      | Identified 2 scrolls of acquirement
  5142 | D:6      | Acquired 1076 gold pieces
  5158 | D:6      | Reached XP level 9. HP: 41/74 MP: 12/12
  5217 | D:6      | Killed Prince Ribbit
  5218 | D:6      | Reached skill level 8 in Fighting
  5222 | D:6      | Reached skill level 5 in Invocations
  5265 | D:6      | Acquired 1266 gold pieces
  5309 | D:7      | Killed Joseph
  5493 | D:7      | Found a blossoming altar of Fedhas.
  5723 | D:7      | Reached skill level 9 in Fighting
  6103 | D:8      | Reached ** piety under Makhleb
  6499 | D:8      | Found a stormy altar of Qazlal.
  6613 | D:8      | Gained mutation: You have a pair of antennae on your head.
                  | [demonic ancestry]
  6613 | D:8      | Reached XP level 10. HP: 83/83 MP: 14/14
  6768 | D:8      | Identified the +12 long sword "Kaehosmi" {protect, Dex+2}
  6888 | D:9      | Noticed a death yak
  6890 | D:9      | Found a staircase to the Lair.
  6890 | D:9      | Noticed a death yak
  6890 | D:9      | Noticed a death yak
  6915 | D:9      | Killed a death yak
  6928 | D:9      | Gained mutation: You have hidden genetic potential. [potion
                  | of mutation]
  6928 | D:9      | HP: 1/84 [death yak (14)]
  6945 | D:9      | Slain by a death yak

Illustrated notes

Levels and vault maps discovered:
D:1:      onia_arrival_pyramid, layout_basic, amcnicky_mini_rare_corridor_liquid
D:2:      layout_basic, nicolae_nh_oracle_at_delphi, uniq_jessica
D:3:      layout_loops_ring, ebering_ghost_reflecting_pool,
          chequers_ecumenical_altar_simple_redux
D:4:      minmay_inner_zag, layout_basic, lemuel_doored_altar, dk_vineyard_1,
          corner_web_ring, minivault_25, chequers_serial_rivers_room_a,
          uniq_natasha
D:5:      layout_gridville, minmay_temple_entry_drinking_statues,
          nicolae_alphabet_shops, minmay_misc_feat_alley
D:6:      layout_cave_pods, enter_ossuary_5
D:7:      layout_rooms, amcnicky_altar_gilded, uniq_joseph, uniq_prince_ribbit1
D:8:      layout_rooms, kennysheep_mini_moat, nicolae_tso_besieged_by_evil,
          serial_co_window_serial, co_window_corner_a, co_window_corner_a,
          co_window_paths_b, co_window_corner_a, co_window_cross_1,
          co_window_paths_a, co_window_of_opportunity_a,
          co_window_of_opportunity_c, co_window_of_opportunity_b,
          co_window_unsneaky_path_a, co_window_corner_ca,
          co_window_unsneaky_path_a, co_window_corner_b, co_window_4corner_b,
          glass_columns_b, glass_columns_a, st_stairs_13, grunt_decor_one_mirror
D:9:      layout_irregular_city, grunt_temple_overflow_open, dpeg_lair_monsters,
          serial_column_ruins, column_ruins_hut, column_ruins_open_tiny,
          column_ruins_grid_1, column_ruins_open_tiny,
          column_ruins_columns_straight, column_ruins_corridor_straight,
          chequers_serial_rivers_micro_d
Temple:   hellmonk_temple_two_chambers

Skill      XL: |  1  2  3  4  5  6  7  8  9 |
---------------+----------------------------+-----
Shields        | 3 4 |  4.6
Armour         | 3 4 |  4.7
Dodging        | 1 2 3 4 6 8 |  8.3
Fighting       | 4 5 6 7 9 |  9.7
Invocations    | 1 4 6 |  6.0
Maces & Flails | |  1.9

Action                     |  1- 3 |  4- 6 |  7- 9 | 10-12 || total
---------------------------+-------+-------+-------+-------++-------
  Melee: Flail             |    96 |   110 |   190 |    23 ||   419
         Short sword       |       |   118 |   294 |       ||   412
    Use: Scroll            |       |       |     6 |     1 ||     7
         Potion            |       |       |       |     4 ||     4
   Stab: Distracted        |       |       |     1 |       ||     1
 Armour: Scale mail        |    44 |    93 |   294 |     6 ||   437
  Dodge: Dodged            |    36 |   101 |   400 |    14 ||   551
         Repelled          |     1 |     1 |     8 |       ||    10
  Block: Buckler           |    20 |    48 |   168 |     6 ||   242
